[ AOE2 MATCH · #513869767 ]
UnrankedSpanish vs Persians
Player's team · WIN
Rival team · LOSS
[ REPLAY ANALYSIS · EXTRACTED FROM THE RECORDED GAME ]
Feudal
13:43
Castle
22:44
Imperial
36:01
| APM avg | 61.2 |
| APM peak | 90 |
| eAPM avg | 28.9 |
| Villagers / military | 77 / 42 |
Focus
⚔️ 29.9% · 🌾 70.1%
Conquistador ×18 · Monk ×10 · Skirmisher ×7 · Battering Ram ×2 · Trebuchet (Packed) ×2 · Militia ×1
Feudal
11:39
Castle
22:22
Imperial
—
| APM avg | 52.2 |
| APM peak | 96 |
| eAPM avg | 20.3 |
| Villagers / military | 99 / 73 |
Focus
⚔️ 32.8% · 🌾 67.2%
Skirmisher ×42 · Knight ×9 · Archer ×6 · Militia ×4 · Camel Scout ×4 · War Elephant ×4
Match map
Initial resources + every placement click. Lines = walls · curves = elevation contours. ◆ gold · ⬟ stone · ● berries · ✦ relic · ◌ wall gap
Your base· Open — 5t gap
goupher's base· Open — 3t gap
Smoothed initial terrain · ◌ = detected wall gap · hover for details
Inputs per minute
— Leon - - goupher
Build order — Leon
First 150 of 244 actions detected
| 0:02 | queue | Villager (Male) |
| 0:02 | queue | Villager (Male) |
| 0:04 | Build | House |
| 0:06 | Build | House |
| 0:16 | Research | Loom |
| 0:17 | queue | Villager (Male) |
| 0:17 | queue | Villager (Male) |
| 0:22 | queue | Villager (Male) |
| 2:00 | queue | Villager (Male) |
| 2:00 | queue | Villager (Male) |
| 2:29 | queue | Villager (Male) |
| 2:30 | queue | Villager (Male) |
| 2:31 | queue | Villager (Male) |
| 2:53 | Build | House |
| 3:01 | Build | Lumber Camp |
| 3:18 | queue | Villager (Male) |
| 3:19 | queue | Villager (Male) |
| 3:27 | queue | Villager (Male) |
| 3:27 | queue | Villager (Male) |
| 3:42 | Build | Palisade Wall |
| 3:49 | Build | Palisade Wall |
| 4:07 | queue | Villager (Male) |
| 4:38 | queue | Villager (Male) |
| 4:54 | queue | Villager (Male) |
| 4:59 | Build | House |
| 5:31 | queue | Villager (Male) |
| 5:57 | queue | Villager (Male) |
| 6:06 | Build | Mill |
| 6:22 | queue | Villager (Male) |
| 6:22 | queue | Villager (Male) |
| 7:00 | Build | House |
| 7:04 | Build | House |
| 7:15 | queue | Villager (Male) |
| 7:15 | queue | Villager (Male) |
| 7:35 | Build | Barracks |
| 7:40 | Build | Palisade Wall |
| 7:41 | Build | Palisade Wall |
| 7:45 | Build | Palisade Wall |
| 8:04 | queue | Villager (Male) |
| 8:09 | Build | Farm |
| 8:20 | queue | Villager (Male) |
| 8:32 | Build | Farm |
| 8:48 | Build | Palisade Wall |
| 8:53 | Build | Palisade Wall |
| 8:53 | Build | Palisade Wall |
| 8:55 | Build | Palisade Wall |
| 8:59 | Build | Palisade Wall |
| 9:00 | Build | Palisade Wall |
| 9:06 | Build | Palisade Wall |
| 9:19 | Build | Farm |
| 9:36 | Build | Farm |
| 9:40 | queue | Villager (Male) |
| 9:47 | Build | Farm |
| 10:01 | Build | Palisade Wall |
| 10:03 | Build | Palisade Wall |
| 10:10 | Build | Farm |
| 10:19 | Build | Farm |
| 10:28 | Build | Farm |
| 10:38 | Build | Palisade Wall |
| 11:33 | Research | Feudal Age |
| 11:49 | Build | Palisade Wall |
| 12:02 | Build | Palisade Wall |
| 12:39 | Build | House |
| 12:48 | Build | Farm |
| 13:07 | Build | Palisade Wall |
| 13:41 | queue | Villager (Male) |
| 13:43 | Age | Feudal Age |
| 13:45 | Build | Archery Range |
| 13:49 | Research | Double-Bit Axe |
| 13:49 | Research | Double-Bit Axe |
| 13:50 | queue | Villager (Male) |
| 14:01 | Build | Blacksmith |
| 14:14 | queue | Skirmisher |
| 14:14 | queue | Skirmisher |
| 14:19 | Build | Farm |
| 14:24 | queue | Skirmisher |
| 14:33 | queue | Villager (Male) |
| 14:38 | Build | Farm |
| 14:42 | Build | Farm |
| 14:43 | queue | Skirmisher |
| 14:47 | Research | Fletching |
| 14:47 | Research | Fletching |
| 14:57 | queue | Villager (Male) |
| 15:30 | Build | Mining Camp |
| 15:53 | queue | Spearman |
| 15:55 | queue | Villager (Male) |
| 15:56 | queue | Villager (Male) |
| 15:57 | queue | Villager (Male) |
| 15:57 | queue | Villager (Male) |
| 16:00 | Build | Farm |
| 16:08 | Build | Mill |
| 16:30 | queue | Skirmisher |
| 16:52 | queue | Skirmisher |
| 16:54 | queue | Villager (Male) |
| 17:24 | queue | Villager (Male) |
| 17:27 | Build | House |
| 18:01 | queue | Villager (Male) |
| 18:08 | Build | House |
| 18:10 | queue | Skirmisher |
| 18:30 | Build | Market |
| 19:05 | Build | Palisade Wall |
| 19:14 | queue | Villager (Male) |
| 19:20 | Build | Farm |
| 19:49 | Build | Mining Camp |
| 20:04 | Research | Castle Age |
| 20:04 | Research | Castle Age |
| 20:15 | Build | Palisade Wall |
| 20:18 | Build | House |
| 20:19 | Build | House |
| 20:25 | queue | Villager (Male) |
| 20:37 | Research | Padded Archer Armor |
| 20:37 | Research | Padded Archer Armor |
| 20:50 | Build | Palisade Wall |
| 20:56 | Build | Palisade Wall |
| 21:11 | Build | House |
| 21:25 | Build | Palisade Wall |
| 21:44 | Build | Palisade Gate |
| 22:09 | Build | Palisade Wall |
| 22:19 | Build | Palisade Wall |
| 22:44 | Age | Castle Age |
| 23:06 | Research | Gold Mining |
| 23:12 | queue | Villager (Male) |
| 23:24 | Build | Castle |
| 23:27 | queue | Villager (Male) |
| 23:29 | queue | Villager (Male) |
| 23:35 | queue | Villager (Male) |
| 23:44 | queue | Villager (Male) |
| 23:52 | Build | Town Center |
| 23:58 | Research | Bow Saw |
| 23:59 | queue | Villager (Male) |
| 24:14 | Build | Stable |
| 24:18 | queue | Conquistador |
| 24:19 | queue | Conquistador |
| 24:31 | Build | Farm |
| 24:32 | queue | Villager (Male) |
| 24:33 | queue | Villager (Male) |
| 24:44 | queue | Conquistador |
| 24:44 | queue | Conquistador |
| 24:50 | Research | Leather Archer Armor |
| 25:03 | queue | Conquistador |
| 25:06 | Build | Monastery |
| 25:14 | Build | House |
| 25:17 | Build | House |
| 25:20 | Build | House |
| 25:27 | queue | Conquistador |
| 25:30 | Build | House |
| 25:43 | Build | House |
| 25:54 | queue | Monk |
| 26:12 | Build | Farm |
| 26:14 | Build | Palisade Wall |
Build order — goupher
First 150 of 283 actions detected
| 0:01 | queue | Villager (Male) |
| 0:02 | Build | House |
| 0:04 | Build | House |
| 0:21 | queue | Villager (Male) |
| 0:21 | queue | Villager (Male) |
| 0:21 | queue | Villager (Male) |
| 0:21 | queue | Villager (Male) |
| 1:12 | Build | Barracks |
| 1:43 | queue | Villager (Male) |
| 2:27 | queue | Villager (Male) |
| 2:42 | queue | Militia |
| 2:54 | Build | House |
| 3:10 | queue | Villager (Male) |
| 3:33 | queue | Villager (Male) |
| 3:33 | queue | Villager (Male) |
| 3:51 | queue | Militia |
| 4:25 | queue | Villager (Male) |
| 4:46 | queue | Villager (Male) |
| 4:48 | queue | Militia |
| 4:56 | queue | Militia |
| 5:12 | Build | House |
| 5:30 | queue | Villager (Male) |
| 5:30 | queue | Villager (Male) |
| 5:43 | queue | Villager (Male) |
| 6:11 | queue | Villager (Male) |
| 7:01 | queue | Villager (Male) |
| 7:06 | Build | Mill |
| 7:13 | Research | Loom |
| 7:16 | Build | House |
| 7:51 | queue | Villager (Male) |
| 8:14 | queue | Villager (Male) |
| 8:22 | Build | Lumber Camp |
| 8:27 | queue | Villager (Male) |
| 9:30 | queue | Villager (Male) |
| 9:35 | Research | Feudal Age |
| 9:38 | Build | Farm |
| 9:38 | Build | Farm |
| 9:50 | Build | Farm |
| 10:18 | Build | Farm |
| 10:37 | queue | Villager (Male) |
| 10:47 | Build | House |
| 10:49 | Build | House |
| 10:50 | Build | Palisade Wall |
| 11:30 | Build | Mining Camp |
| 11:36 | queue | Villager (Male) |
| 11:39 | Age | Feudal Age |
| 11:50 | Build | Archery Range |
| 12:17 | queue | Villager (Male) |
| 12:29 | Build | Farm |
| 12:32 | Research | Double-Bit Axe |
| 12:36 | queue | Villager (Male) |
| 12:40 | Build | Palisade Wall |
| 12:48 | queue | Archer |
| 12:51 | Build | Farm |
| 12:55 | queue | Villager (Male) |
| 13:17 | queue | Archer |
| 13:18 | queue | Villager (Male) |
| 13:36 | queue | Villager (Male) |
| 13:51 | Build | Blacksmith |
| 13:53 | queue | Archer |
| 14:06 | queue | Villager (Male) |
| 14:28 | queue | Villager (Male) |
| 14:32 | Build | Farm |
| 14:33 | Build | Farm |
| 14:33 | Build | Farm |
| 14:33 | Build | Farm |
| 14:38 | queue | Archer |
| 14:54 | Research | Fletching |
| 14:55 | queue | Villager (Male) |
| 15:04 | Build | Farm |
| 15:04 | Build | Farm |
| 15:04 | Build | Farm |
| 15:05 | Build | Farm |
| 15:36 | queue | Archer |
| 15:40 | queue | Villager (Male) |
| 15:44 | Build | Farm |
| 15:46 | Build | Farm |
| 15:56 | queue | Villager (Male) |
| 16:14 | Build | Stable |
| 16:44 | queue | Archer |
| 16:45 | queue | Villager (Male) |
| 16:50 | Build | House |
| 17:07 | queue | Villager (Male) |
| 17:09 | queue | Scout Cavalry |
| 17:16 | Research | Wheelbarrow |
| 17:53 | queue | Villager (Male) |
| 17:53 | queue | Villager (Male) |
| 18:08 | Build | Farm |
| 18:09 | Build | Farm |
| 18:10 | Build | Farm |
| 18:13 | Research | Horse Collar |
| 18:27 | queue | Villager (Male) |
| 18:34 | Build | Farm |
| 18:34 | Build | Farm |
| 18:36 | Build | Farm |
| 18:36 | Build | Farm |
| 18:36 | Build | Farm |
| 18:37 | Build | Farm |
| 18:59 | queue | Scout Cavalry |
| 19:01 | queue | Villager (Male) |
| 19:29 | Build | Farm |
| 19:34 | Build | Farm |
| 19:57 | Research | Castle Age |
| 20:15 | Build | Market |
| 20:18 | Build | Stable |
| 20:21 | Build | Farm |
| 20:49 | Build | Farm |
| 20:54 | Research | Bloodlines |
| 21:34 | Build | Farm |
| 21:37 | Research | Scale Barding Armor |
| 21:37 | Research | Forging |
| 22:22 | Age | Castle Age |
| 22:28 | queue | Villager (Male) |
| 22:29 | Research | Gold Mining |
| 22:32 | queue | Knight |
| 22:32 | queue | Knight |
| 22:34 | Research | Chain Barding Armor |
| 22:49 | queue | Knight |
| 22:49 | queue | Knight |
| 23:02 | Build | Siege Workshop |
| 23:09 | queue | Knight |
| 23:09 | queue | Knight |
| 23:15 | Build | House |
| 23:17 | Build | House |
| 23:17 | Build | House |
| 23:31 | Build | Siege Workshop |
| 23:35 | queue | Knight |
| 23:35 | queue | Knight |
| 23:42 | Build | House |
| 23:45 | queue | Villager (Male) |
| 23:46 | queue | Villager (Male) |
| 24:09 | queue | Villager (Male) |
| 24:18 | queue | Battering Ram |
| 24:21 | Build | Outpost |
| 24:39 | Build | Lumber Camp |
| 24:53 | queue | Knight |
| 24:54 | queue | Villager (Male) |
| 24:55 | queue | Villager (Male) |
| 24:55 | queue | Villager (Male) |
| 25:36 | queue | Villager (Male) |
| 25:36 | queue | Villager (Male) |
| 25:53 | queue | Scorpion |
| 25:59 | queue | Villager (Male) |
| 26:14 | queue | Villager (Male) |
| 26:22 | Build | Town Center |
| 26:26 | queue | Villager (Male) |
| 26:29 | queue | Villager (Male) |
| 26:29 | queue | Villager (Male) |
| 26:31 | Build | Farm |
| 27:08 | queue | Villager (Male) |
Match timeline
| 1:12 | goupher · first_building Barracks |
| 3:42 | Leon · wall_segment Palisade Wall x1 |
| 3:49 | Leon · wall_segment Palisade Wall x4 |
| 7:35 | Leon · first_building Barracks |
| 7:40 | Leon · wall_segment Palisade Wall x1 |
| 7:41 | Leon · wall_segment Palisade Wall x1 |
| 7:45 | Leon · wall_segment Palisade Wall x4 |
| 8:48 | Leon · wall_segment Palisade Wall x1 |
| 8:53 | Leon · wall_segment Palisade Wall x1 |
| 8:53 | Leon · wall_segment Palisade Wall x1 |
| 8:55 | Leon · wall_segment Palisade Wall x1 |
| 8:59 | Leon · wall_segment Palisade Wall x1 |
| 9:00 | Leon · wall_segment Palisade Wall x1 |
| 9:06 | Leon · wall_segment Palisade Wall x1 |
| 10:01 | Leon · wall_segment Palisade Wall x1 |
| 10:03 | Leon · wall_segment Palisade Wall x1 |
| 10:38 | Leon · wall_segment Palisade Wall x1 |
| 10:50 | goupher · wall_segment Palisade Wall x1 |
| 11:39 | goupher · age_up feudal |
| 11:49 | Leon · wall_segment Palisade Wall x1 |
| 11:50 | goupher · first_building Archery Range |
| 12:02 | Leon · wall_segment Palisade Wall x1 |
| 12:40 | goupher · wall_segment Palisade Wall x4 |
| 13:07 | Leon · wall_segment Palisade Wall x5 |
| 13:43 | Leon · age_up feudal |
| 13:45 | Leon · first_building Archery Range |
| 16:14 | goupher · first_building Stable |
| 19:05 | Leon · wall_segment Palisade Wall x1 |
| 20:15 | Leon · wall_segment Palisade Wall x3 |
| 20:50 | Leon · wall_segment Palisade Wall x3 |
| 20:56 | Leon · wall_segment Palisade Wall x4 |
| 21:25 | Leon · wall_segment Palisade Wall x4 |
| 21:30 | goupher · first_market_sell 100 stone |
| 22:09 | Leon · wall_segment Palisade Wall x2 |
| 22:19 | Leon · wall_segment Palisade Wall x3 |
| 22:22 | goupher · age_up castle |
| 22:44 | Leon · age_up castle |
| 22:50 | Leon · first_market_buy 100 stone |
| 23:02 | goupher · first_building Siege Workshop |
| 23:24 | Leon · first_building Castle |
| 24:14 | Leon · first_building Stable |
| 25:06 | Leon · first_building Monastery |
| 26:14 | Leon · wall_segment Palisade Wall x1 |
| 31:04 | goupher · first_building Castle |
| 32:03 | Leon · first_market_sell 100 wood |
| 34:37 | Leon · first_building Siege Workshop |
| 36:01 | Leon · age_up imperial |
| 37:25 | goupher · first_market_buy 500 food |
| 38:55 | goupher · resign |
[ AI ANALYSIS · 1 CREDIT ]
What really happened in this match?
Wolo.gg analyzes every decision: build order, eco, micro, common mistakes by bracket. Personalized analysis on WhatsApp or Discord in 30 seconds.
Civ guide
Spanish
Perfil
Jugador #4674295